 Dungeon Crawl Stone Soup version 0.28-a0-691-gad6df49e81 (webtiles) character file.

Game seed: 1646345944840684085

2161 timneilson the Covered (level 9, -11/54 HPs)
             Began as a Gargoyle Fighter on Oct 20, 2021.
             Mangled by a shadow (28 damage)
             ... on level 6 of the Dungeon on Oct 21, 2021.
             The game lasted 00:12:28 (5236 turns).

timneilson the Covered (Gargoyle Fighter)           Turns: 5236, Time: 00:12:28

Health: -11/54     AC: 18    Str: 23    XL:     9   Next: 32%
Magic:  9/9        EV: 13    Int:  9    God:
Gold:   269        SH:  9    Dex:  9    Spells: 8/8 levels left

rFire   . . .      SeeInvis .   a - +1 long sword (protect)
rCold   . . .      Faith    .   d - +0 kite shield
rNeg    + . .      Spirit   .   b - +0 scale mail
rPois   ∞          Reflect  .   (no helmet)
rElec   +          Harm     .   j - +0 cloak
rCorr   .          Rampage  .   g - +0 pair of gloves
Will    .....                   c - +0 pair of boots
Stlth   ..........              (no amulet)
HPRegen 0.18/turn               h - +4 ring of evasion
MPRegen 0.11/turn               (no ring)

@: no status effects
A: sickness immunity, AC +6, negative energy resistance 1, electricity
resistance, torment resistance 1, petrification resistance
a: no special abilities


You were on level 6 of the Dungeon.
You visited 1 branch of the dungeon, and saw 6 of its levels.

You collected 269 gold pieces.

Inventory:

Hand Weapons
 a - a +1 long sword of protection (weapon)
Armour
 b - a +0 scale mail (worn)
 c - a +0 pair of boots (worn)
 d - a +0 kite shield (worn)
 g - a +0 pair of gloves (worn)
 j - a +0 cloak (worn)
Jewellery
 h - a +4 ring of evasion (left hand)
Wands
 n - a wand of mindburst (8)
Potions
 e - a potion of flight
 i - 3 potions of curing
 k - 2 potions of lignification
 l - a potion of haste


   Skills:
 + Level 5.5 Fighting
 * Level 5.5 Long Blades
 * Level 7.2 Armour
 + Level 3.0 Dodging
 * Level 7.1 Shields
 + Level 2.6 Evocations


You had 8 spell levels left.
You didn't know any spells.
Your spell library contained the following spells:

 Spells                   Type           Power      Damage    Failure   Level
 Foxfire                  Conj/Fire      0%         2x1d4     95%         1
 Conjure Flame            Conj/Fire      0%         6-21      100%        3
 Inner Flame              Hex/Fire       0%         N/A       100%        3
 Flame Wave               Conj/Fire      0%         3d3       100%        4


Dungeon Overview and Level Annotations

Branches:
Dungeon (6/15)
 Temple: D:4-7

Altars:
Ru
Sif Muna
Trog
Uskayaw

Shops:
D:5 :


Innate Abilities, Weirdness & Mutations

You are immune to sickness and miasma.
Your stone body is resilient. (AC +6)
You are immune to poison.
You resist negative energy. (rN+)
You are resistant to electric shocks. (rElec)
You are resistant to unholy torment.
You are immune to petrification.


Message History

You slash the water moccasin zombie!
The water moccasin zombie is severely damaged.
The water moccasin zombie closely misses you.
Something hits you but does no damage.
The shadow slips into darkness.
The shadow flickers and vanishes!
You slash the water moccasin zombie!
You destroy the water moccasin zombie!
Something hits you but does no damage.
Unknown command.
You miss something. Something hits you but does no damage.
You barely miss something. You block the ice beast's attack.
Something hits you. Something shocks you. You resist.
You closely miss something. The ice beast hits you. The ice beast freezes you!
* * * LOW HITPOINT WARNING * * *
You block something's attack.
Unknown command.
You feel much better. You block the ice beast's attack.
Okay, then.
You closely miss the ice beast. Something hits you but does no damage.
You barely miss the ice beast.
Your extra speed is starting to run out.
The ice beast hits you but does no damage.
Something hits you. Something shocks you. You resist.
You hit the ice beast but do no damage.
Your weapon exudes an aura of protection.
The ice beast barely misses you.
A sky beast appears from thin air!
Reactivating autopickup.
The sky beast misses you.
You closely miss the ice beast. The ice beast hits you.
The ice beast freezes you! The sky beast hits you. The sky beast shocks you.
You resist.
* * * LOW HITPOINT WARNING * * *
Unknown command.
The sky beast flickers out of sight!
Deactivating autopickup; reactivate with Ctrl-A.
You feel yourself slow down.
The shadow strikes at you from the darkness!
Ouch! That really hurt!
You die...

##...........#####...
##............#......#
..#..>................#
.....................##
.....#......(........#
........................
.....##.........#.......
........................
.....≈.≈#@............##
......).##..###.##.....
.......o{#.## .# ..
#.....##.#..## #
.....##..##..##.##
.....#..Y##Y#....#
.........##...#.....#
.#.......##o..# ...##
#....#.......# .##


You could see an orc warrior and an ice beast.

Vanquished Creatures
  6 yaks (D:4)
  A water moccasin (D:5)
  A black bear (D:5)
  2 ogres
  A centaur (D:5)
  A water moccasin zombie (D:6)
  3 scorpions
  A wyvern skeleton (D:5)
  2 bullfrog zombies (D:5)
  A centaur zombie (D:5)
  An orc priest (D:5)
  A hound (D:3)
  Crazy Yiuf (D:2)
  Natasha (thrice) (D:2)
  An iguana (D:4)
  2 orc wizards (D:5)
  8 gnolls
  6 adders
  A white imp (D:5)
  2 ufetubi
  An adder skeleton (D:4)
  2 worms
  3 dart slugs (D:1)
  13 orcs
  7 ball pythons
  6 bats
  4 endoplasms
  3 giant cockroaches
  5 hobgoblins
  2 jackals (D:4)
  4 quokkas
  2 frilled lizards (D:1)
  A goblin (D:4)
  2 kobolds
  7 rats
107 creatures vanquished.

Notes
Turn   | Place    | Note
-------+----------+-------------------------------------------
     0 | D:1      | timneilson the Gargoyle Fighter began the quest for the
                  | Orb.
     0 | D:1      | Reached XP level 1. HP: 14/14 MP: 1/1
   320 | D:1      | Reached XP level 2. HP: 19/19 MP: 2/2
   783 | D:1      | Found a faded altar of an unknown god.
  1027 | D:1      | Reached XP level 3. HP: 23/23 MP: 3/3
  1243 | D:2      | Noticed Natasha
  1257 | D:2      | Killed Natasha
  1258 | D:2      | Reached XP level 4. HP: 13/28 MP: 4/4
  1474 | D:2      | Found a runed translucent door.
  1475 | D:2      | Noticed Crazy Yiuf
  1517 | D:2      | Noticed Natasha
  1529 | D:2      | Killed Natasha
  1620 | D:2      | Noticed Natasha
  1637 | D:2      | Killed Natasha
  1638 | D:2      | Reached skill level 1 in Dodging
  1638 | D:2      | Reached XP level 5. HP: 30/33 MP: 5/5
  2037 | D:2      | Killed Crazy Yiuf
  2331 | D:3      | You fall into a shaft and drop 3 floors!
  2344 | D:5      | Entered Level 5 of the Dungeon
  2344 | D:5      | Noticed a centaur
  2360 | D:5      | Killed a centaur
  2361 | D:5      | Reached XP level 6. HP: 17/38 MP: 6/6
  2418 | D:5      | Reached skill level 5 in Armour
  2423 | D:5      | Reached skill level 5 in Shields
  2423 | D:5      | Reached XP level 7. HP: 18/43 MP: 7/7
  3564 | D:4      | Found a sacrificial altar of Ru.
  3569 | D:4      | Found a shimmering blue altar of Sif Muna.
  3574 | D:4      | Found a hide-covered altar of Uskayaw.
  3704 | D:4      | Noticed a yak
  3704 | D:4      | Noticed a yak
  3704 | D:4      | Noticed a yak
  3705 | D:4      | Noticed a yak
  3705 | D:4      | Noticed a yak
  3705 | D:4      | Noticed a yak
  3713 | D:4      | Killed a yak
  3714 | D:4      | Reached skill level 1 in Evocations
  3714 | D:4      | Reached XP level 8. HP: 48/48 MP: 8/8
  3720 | D:4      | Killed a yak
  3726 | D:4      | Killed a yak
  3732 | D:4      | Killed a yak
  3733 | D:4      | Reached skill level 5 in Fighting
  3734 | D:4      | Killed a yak
  3735 | D:4      | Reached skill level 5 in Long Blades
  3736 | D:4      | Killed a yak
  4527 | D:5      | Reached XP level 9. HP: 54/54 MP: 9/9
  4812 | D:5      | Found Norphu Qeqi's Self-Improvement Boutique.
  4877 | D:5      | Found a bloodstained altar of Trog.
  5236 | D:6      | Mangled by a shadow

Illustrated notes

Levels and vault maps discovered:
D:1:      sevenhm_arrival_forest_fort_small_4, layout_basic,
          basic_ecumenical_altar
D:2:      layout_basic, serial_rivers, chequers_serial_rivers_large_b,
          chequers_serial_rivers_room_b, chequers_serial_rivers_room_b,
          chequers_serial_rivers_micro_b, chequers_serial_rivers_small_b,
          uniq_natasha, uniq_crazy_yiuf_cottage
D:3:      layout_loops_ring
D:4:      layout_layer_cave, minmay_overflow_temple_star_quad,
          minmay_fractal_squares_gapless_5
D:5:      layout_rooms, nicolae_overflow_hidden_temple, serial_rivers,
          chequers_serial_rivers_micro_c, chequers_serial_rivers_small_3,
          chequers_serial_rivers_micro_d, chequers_serial_rivers_room_b,
          chequers_serial_rivers_micro_a, st_stairs_10,
          hangedman_decor_slide_cut, nicolae_shop_self_help
D:6:      minmay_octagon_keep, layout_cave_pools, tso_altar, temple_green

Skill      XL: |  1  2  3  4  5  6  7  8  9 |
---------------+----------------------------+-----
Long Blades    | 2 3 4 5 |  5.5
Armour         | 4 5 6 7 |  7.2
Shields        | 4 5 6 7 |  7.1
Dodging        | 1 2 3 |  3.0
Fighting       | 4 5 |  5.5
Evocations     | 1 2 |  2.6

Action                   |  1- 3 |  4- 6 |  7- 9 || total
-------------------------+-------+-------+-------++-------
Melee: Long sword        |    99 |   127 |   244 ||   470
  Use: Scroll            |     1 |     3 |     6 ||    10
       Potion            |       |     1 |     4 ||     5
 Stab: Invisible         |       |     1 |       ||     1
Armor: Scale mail        |    56 |    69 |   126 ||   251
Dodge: Dodged            |    66 |    92 |   190 ||   348
Block: Buckler           |    28 |    29 |    22 ||    79
       Kite shield       |       |       |    79 ||    79

Table legend: (Time is in decaauts)
 A = Elapsed time spent in this place.
 B = Non-inter-level travel time spent in this place.
 C = Inter-level travel time spent in this place.
 D = Time resting spent in this place.
 E = Time spent auto-exploring this place.
 F = Levels seen in this place.
 G = Mean time per level.
                   A        B        C        D        E       F      G
               +--------+--------+--------+--------+--------+-----+--------+
         Total |   5399 |   5221 |    178 |    117 |   3830 |   6 |  899.8 |
       Dungeon |   5399 |   5221 |    178 |    117 |   3830 |   6 |  899.8 |
               +--------+--------+--------+--------+--------+-----+--------+

Top non-repeatable levels by time:
     D:4: 1433 daAuts
     D:1: 1136 daAuts
     D:2: 1103 daAuts
     D:5: 819 daAuts
     D:3: 812 daAuts
     D:6: 92 daAuts
